 Dungeon Crawl Stone Soup version 0.32-a0-960-g3814254bd7 (webtiles) character file.

Game seed: 16480556761309411848

828 trashops the Cleaver (level 7, -5/60 HPs)
             Began as a Mountain Dwarf Fighter on Apr 17, 2024.
             Slain by a gnoll
             ... wielding a +0 halberd
             ... led by a gnoll bouda
              (12 damage)
             ... on level 5 of the Dungeon.
             The game lasted 00:07:26 (4651 turns).

trashops the Cleaver (Mountain Dwarf Fighter)       Turns: 4651, Time: 00:07:27

Health: -5/60      AC:  8    Str: 21    XL:     7   Next: 65%
Magic:  7/7        EV:  8    Int:  8    God:
Gold:   197        SH:  4    Dex:  9    Spells: 6/6 levels left

rFire   . . .        a - +0 war axe
rCold   . . .        c - +0 buckler
rNeg    . . .        b - +0 scale mail
rPois   .            (no helmet)
rElec   .            i - +0 cloak
rCorr   .            (no gloves)
SInv    .            (no boots)
Will    .....        (no amulet) Stlth
                     (no ring)
HPRegen 0.30/turn    (no ring)
MPRegen 0.10/turn

%: no passive effects
@: no status effects
A: runic magic, artefact enchanting
a: no special abilities


You were on level 5 of the Dungeon.
You visited 1 branch of the dungeon, and saw 5 of its levels.
You visited the Abyss 1 time.

You collected 197 gold pieces.

Inventory:

Hand Weapons
 a - a +0 war axe (weapon)
Armour
 b - a +0 scale mail (worn)
 c - a +0 buckler (worn)
 i - a +0 cloak (worn)
Wands
 d - a wand of polymorph (16)
 f - a wand of iceblast (12)
 l - a wand of charming (17)
Scrolls
 k - a scroll of identify
 m - a scroll of brand weapon {unknown}
 o - a scroll of vulnerability
Potions
 e - 2 potions of heal wounds
 g - 2 potions of mutation
 h - a potion of enlightenment
 j - a potion of curing {unknown}
 n - a potion of might
 p - a potion of attraction


   Skills:
 + Level 4.5 Fighting
 * Level 8.8 Axes
 + Level 4.8 Armour
 + Level 4.2 Shields


You had 6 spell levels left.
You didn't know any spells.
Your spell library contained the following spells:

 Spells                   Type           Power      Damage    Failure   Level
 Ensorcelled Hibernation  Hex/Ice        0%         N/A       71%         2
 Lesser Beckoning         Tloc           0%         N/A       71%         2
 Maxwell's Portable Pile  Tloc           0%         2d(5-13)  90%         3
 Passwall                 Erth           0%         N/A       90%         3
 Swiftness                Air            0%         N/A       90%         3
 Teleport Other           Tloc           0%         N/A       90%         3
 Ignite Poison            Fire/Alch      0%         N/A       100%        4
 Passage of Golubria      Tloc           0%         N/A       100%        4
 Summon Blazeheart Golem  Fire/Summ      0%         N/A       100%        4
 Lee's Rapid Deconstruct  Erth           0%         3d4*      100%        5
 Silence                  Hex/Air        0%         N/A       100%        5
 Magnavolt                Erth/Air       0%         3d9       100%        7
 Lehudib's Crystal Spear  Conj/Erth      0%         10d2      100%        8


Dungeon Overview and Level Annotations

Branches:
Dungeon (5/15)
 Temple: D:4-7

Altars:
Elyvilon
Kikubaaqudgha
Sif Muna
The Shining One


Innate Abilities, Weirdness & Mutations

Your spellcasting is much less encumbered by armour.
You can use scrolls of enchantment on lesser artefacts.


Message History

The gnoll bouda barks out a call to the hunt!
The gnolls pick up the pace!
The gnoll closely misses you. You block the gnoll's attack.
The gnoll hits you with a +0 halberd!
There is an open door, spattered with blood here.
You closely miss the gnoll. You hit the gnoll. You closely miss the gnoll.
The gnoll hits you with a +2 flail of protection!
The gnoll hits you with a +0 halberd. The gnoll barely misses you.
You hit the gnoll but do no damage. You hit the gnoll.
You completely miss the gnoll. You block the gnoll's attack.
The gnoll barely misses you. The gnoll hits you with a +0 halberd!
You hit the gnoll.
The gnoll is moderately wounded.
You hit the gnoll. You barely miss the gnoll. The gnoll barely misses you.
You block the gnoll's attack. The gnoll closely misses you.
You block the gnoll's attack. The gnoll barely misses you. x2
You hit the gnoll but do no damage.
The gnoll is moderately wounded.
You closely miss the gnoll. You hit the gnoll.
The gnoll hits you with a +2 flail of protection.
The gnoll hits you with a +0 halberd. The gnoll barely misses you.
You barely miss the gnoll.
The gnoll is moderately wounded.
You barely miss the gnoll. You hit the gnoll.
The gnoll hits you with a +2 flail of protection!
* * * LOW HITPOINT WARNING * * *
The gnoll closely misses you. x2
You hit the gnoll.
The gnoll is severely wounded.
You hit the gnoll. x2
The gnoll hits you with a +2 flail of protection!
* * * LOW HITPOINT WARNING * * *
You block the gnoll's attack. The gnoll barely misses you.
You completely miss the gnoll.
The gnoll is severely wounded.
You hit the gnoll. x2
The gnoll hits you with a +2 flail of protection.
* * * LOW HITPOINT WARNING * * *
The gnoll hits you with a +0 halberd!
You die...

###'###############.....#
#.....#.................#
#####.....#.<...............#
..........'.................#
...########.................#
.>.#........................#
####.......######...........#
...'.......#..gg#...........#
...#.......#..gg@......######
####.......#..gg#......#
...........#....#......#
...........#....###+####
...........#....
.........>.#....
...........##### ############


You could see a gnoll bouda and 5 gnolls.

Vanquished Creatures
  A black bear (D:3)
  A phantom (D:5)
  A scorpion (D:5)
  2 vampire bats (D:3)
  A bombardier beetle (D:5)
  A hound (D:5)
  2 orc priests
  Terence (D:3)
  A sleepcap (D:5)
  3 iguanas
  2 orc wizards
  4 gnolls (D:4)
  8 adders
  2 ufetubi (D:5)
  3 dart slugs
  2 ribbon worms
  8 orcs
  2 bat skeletons (D:3)
  4 bat zombies (D:3)
  2 endoplasms
  3 giant cockroaches
  12 goblins
  4 hobgoblins
  10 jackals
  8 kobolds
  2 quokkas
  3 ball pythons
  2 bats
  3 frilled lizards
  4 rats
102 creatures vanquished.

Notes
Turn   | Place    | Note
-------+----------+-------------------------------------------
     0 | D:1      | trashops the Mountain Dwarf Fighter began the quest for the
                  | Orb.
     0 | D:1      | Reached XP level 1. HP: 19/19 MP: 1/1
   279 | D:1      | Reached XP level 2. HP: 26/26 MP: 2/2
   561 | D:1      | Reached skill level 3 in Axes
   800 | D:2      | Reached XP level 3. HP: 20/31 MP: 3/3
   911 | D:2      | Reached skill level 4 in Axes
   956 | D:2      | Reached XP level 4. HP: 38/40 MP: 4/4
  1221 | D:2      | Got the Essays on Grit and Heat
  1235 | D:2      | Found a faded altar of an unknown god.
  1557 | D:3      | Found a white marble altar of Elyvilon.
  1713 | D:3      | Noticed Terence
  1717 | Abyss:1  | Cast into level 1 of the Abyss (Terence)
  1747 | Abyss:1  | Found a corrupted altar of Lugonu.
  1757 | Abyss:1  | Noticed a large abomination
  1788 | Abyss:2  | Found a corrupted altar of Lugonu.
  1823 | D:3      | Escaped the Abyss
  2023 | D:3      | Killed Terence
  2024 | D:3      | Reached skill level 5 in Axes
  2024 | D:3      | Reached XP level 5. HP: 11/46 MP: 5/5
  2321 | D:3      | Found an ancient bone altar of Kikubaaqudgha.
  2333 | D:3      | Reached skill level 6 in Axes
  2669 | D:4      | Noticed a black bear
  2681 | D:3      | Reached XP level 6. HP: 40/52 MP: 6/6
  2830 | D:4      | Reached skill level 7 in Axes
  3255 | D:4      | Reached XP level 7. HP: 46/59 MP: 7/7
  3375 | D:4      | Found a shimmering blue altar of Sif Muna.
  3843 | D:5      | Entered Level 5 of the Dungeon
  4052 | D:5      | Reached skill level 8 in Axes
  4114 | D:5      | Found a glowing golden altar of the Shining One.
  4651 | D:5      | Slain by a gnoll

Illustrated notes

Levels and vault maps discovered:
D:1:      mrwooster_arrival_statue_3, layout_loops_ring
D:2:      layout_rooms, dreamdust_ecumenical_altar_grove
D:3:      layout_loops_ring, kennysheep_vampire_church, general_overflow_altar,
          uniq_terence
D:4:      layout_cave_pods, kennysheep_orc_sif_temple
D:5:      layout_gridville, kennysheep_little_box, chequers_mini_garden

Skill      XL: |  1  2  3  4  5  6  7 |
---------------+----------------------+-----
Axes           | 3 4 5 6 7 8 |  8.8
Fighting       | 4 |  4.5
Armour         | 4 |  4.8
Shields        | 4 |  4.2

Action                     |  1- 3 |  4- 6 |  7- 9 || total
---------------------------+-------+-------+-------++-------
  Melee: War axe           |    95 |   192 |    90 ||   377
         Unarmed           |       |     3 |       ||     3
    Use: Potion            |     2 |     4 |       ||     6
         Scroll            |     1 |     3 |     1 ||     5
   Stab: Invisible         |     1 |       |       ||     1
 Armour: Scale mail        |   120 |   186 |    77 ||   383
         Skin              |       |     1 |       ||     1
  Dodge: Dodged            |    35 |    88 |    61 ||   184
  Block: Buckler           |    24 |    52 |    20 ||    96

Table legend: (Time is in decaauts)
 A = Elapsed time spent in this place.
 B = Non-inter-level travel time spent in this place.
 C = Inter-level travel time spent in this place.
 D = Time resting spent in this place.
 E = Time spent auto-exploring this place.
 F = Levels seen in this place.
 G = Mean time per level.
                   A        B        C        D        E       F      G
               +--------+--------+--------+--------+--------+-----+--------+
         Total |   4741 |   4627 |    114 |    398 |   3319 |   7 |  677.3 |
       Dungeon |   4636 |   4522 |    114 |    398 |   3257 |   5 |  927.2 |
         Abyss |    105 |    105 |      0 |      0 |     62 |   2 |   52.5 |
               +--------+--------+--------+--------+--------+-----+--------+

Top non-repeatable levels by time:
     D:3: 1315 daAuts
     D:4: 1101 daAuts
     D:5: 813 daAuts
     D:1: 708 daAuts
     D:2: 697 daAuts
 Abyss:1: 58 daAuts
 Abyss:2: 47 daAuts
